 Dungeon Crawl Stone Soup version 0.24.0-37-gcf1ca852f1 (webtiles) character file.

Game seed: 5265202969870791544, levelgen mode: deterministic

73 Goreval the Grave Robber (level 4, -15/35 HPs)
             Began as a Hill Orc Necromancer on Dec 4, 2019.
             Demolished by an ogre
             ... wielding a +0 giant club
              (25 damage)
             ... on level 3 of the Dungeon.
             The game lasted 00:07:10 (3777 turns).

Goreval the Grave Robber (Hill Orc Necromancer)     Turns: 3777, Time: 00:07:10

Health: -15/35     AC:  4    Str: 10    XL:     4   Next: 27%
Magic:  4/7        EV: 11    Int: 16    God:
Gold:   150        SH:  4    Dex: 11    Spells: 2/7 levels left

rFire    . . .     SeeInvis .   l - +0 dagger (speed)
rCold    . . .     Gourm    .   n - +0 buckler
rNeg     . . .     Faith    .   f - +0 leather armour
rPois    .         Spirit   .   i - +0 helmet
rElec    .         Reflect  .   (no cloak)
rCorr    .         Harm     .   (no gloves)
MR       .....                  (no boots)
Stlth    +.........             (no amulet)
HPRegen  0.11/turn              (no ring)
MPRegen  0.10/turn              (no ring)

@: no status effects
A: no striking features
a: no special abilities


You were on level 3 of the Dungeon.
You were not hungry.

You visited 1 branch of the dungeon, and saw 4 of its levels.

You collected 150 gold pieces.

Inventory:

Hand Weapons
 l - a +0 dagger of speed (weapon)
 v - a +0 rapier
Missiles
 g - 8 boomerangs of dispersal (quivered) {don't train}
 p - 100 stones {don't train}
Armour
 a - a +0 pair of gloves
 f - a +0 leather armour (worn)
 i - a +0 helmet (worn)
 n - a +0 buckler (worn)
Jewellery
 q - a +3 ring of evasion {unknown}
 t - an uncursed ring of stealth {unknown}
Scrolls
 b - 2 scrolls of fog {unknown}
 d - 2 scrolls of noise {unknown}
 h - a scroll of teleportation {unknown}
 m - a scroll of random uselessness {unknown}
 r - a scroll of enchant armour {unknown}
 s - 4 scrolls of identify {unknown}
 u - a scroll of fear {unknown}
 y - a scroll of amnesia {unknown}
 z - a scroll of enchant weapon {unknown}
Potions
 e - a potion of curing {unknown}
 j - a potion of heal wounds {unknown}
 k - a potion of invisibility {unknown}
 o - a potion of degeneration {unknown}
 w - a potion of cancellation {unknown}
 A - a potion of flight {unknown}
 B - a potion of agility {unknown}
Comestibles
 c - 7 rations


   Skills:
 + Level 1.5 Fighting
 * Level 1.7 Short Blades
 - Level 1.5 Dodging
 - Level 1.5 Stealth
 * Level 1.6 Shields
 + Level 2.0 Spellcasting
 + Level 4.3 Necromancy


You had 2 spell levels left.
You knew the following spells:

 Your Spells              Type           Power        Failure   Level  Hunger
a - Pain                  Necr           ###.         6%          1    #......
b - Animate Skeleton      Necr           N/A          6%          1    #......
c - Vampiric Draining     Necr           ###.......   19%         3    ###....

Your spell library contained the following spells:

 Spells                   Type           Power        Failure   Level  Hunger
 Regeneration             Chrm/Necr      #.........   43%         3    ###....
 Animate Dead             Necr           N/A          54%         4    #####..


Dungeon Overview and Level Annotations

Branches:
Dungeon (4/15)
 Temple: D:4-7

Altars:
Dithmenos
Hepliaklqana
Okawaru
Uskayaw
Wu Jian


Message History

Aim: an ogre, wielding a +0 giant club (chance to defeat MR: 73%)
The ogre writhes in agony.
Aim: an ogre, wielding a +0 giant club (lightly wounded, chance to defeat MR: 73%)
The ogre struggles to resist.
The ogre closely misses you.
Aim: an ogre, wielding a +0 giant club (lightly wounded, chance to defeat MR: 73%)
The ogre writhes in agony.
The ogre closely misses you.
Aim: an ogre, wielding a +0 giant club (moderately wounded, chance to defeat MR: 73%)
The ogre struggles to resist.
Aim: an ogre, wielding a +0 giant club (moderately wounded, chance to defeat MR: 73%)
The ogre writhes in agony.
The ogre hits you with a +0 giant club!!
Ouch! That really hurt!
* * * LOW HITPOINT WARNING * * *
There is a stone staircase leading up here.
You block the ogre's attack.
You climb upwards.
There is a stone staircase leading down here.
The ogre hits you with a +0 giant club!!
Ouch! That really hurt!
You die...

..# ####Z..##..........#.# #...
..####...Z..####.######...# #...
...............#.#######..####...
..####...#####+#.........>....)..
..# #...<.........##............
.(# #.............##...........#
..# #.............##...........#
..# #..........O..##...........#
..# ######......@..##...........#
..# #..............##...........#
..# #.####.........##...........#
### #.# #.........##...........#
#.# #.........##...........# #.#
#.........##...........# #####.#
####'#######...........# ......#
#.# ############# #############.#


You could see an ogre.

Vanquished Creatures
  A hound zombie (D:2)
  A dart slug (D:1)
  A leopard gecko (D:2)
  5 orcs (D:3)
  4 giant cockroaches
  8 goblins
  3 hobgoblins
  7 bats
  2 frilled lizards
  4 kobolds
  5 rats
41 creatures vanquished.

Vanquished Creatures (collateral kills)
  A worm (D:3)
  An orc (D:3)
  A hobgoblin (D:3)
  A bat (D:3)
  A rat (D:3)
5 creatures vanquished.

Grand Total: 46 creatures vanquished

Notes
Turn   | Place    | Note
-------+----------+-------------------------------------------
     0 | D:1      | Goreval the Hill Orc Necromancer began the quest for the
                  | Orb.
     0 | D:1      | Reached XP level 1. HP: 14/14 MP: 3/3
    16 | D:1      | Learned a level 1 spell: Animate Skeleton
   392 | D:1      | Reached XP level 2. HP: 16/20 MP: 0/4
   711 | D:1      | Reached skill level 1 in Short Blades
  1214 | D:2      | Reached skill level 1 in Fighting
  1214 | D:2      | Reached XP level 3. HP: 19/28 MP: 5/5
  1360 | D:2      | Found a hazy altar of Hepliaklqana.
  1416 | D:3      | Reached skill level 1 in Shields
  1508 | D:2      | Learned a level 3 spell: Vampiric Draining
  1565 | D:2      | Noticed a +0 hand axe
  1565 | D:2      | Noticed a +0 hand axe
  1568 | D:2      | Found a hide-covered altar of Uskayaw.
  1890 | D:2      | Found an iron altar of Okawaru.
  2218 | D:2      | Found a shadowy altar of Dithmenos.
  2218 | D:2      | Found an ornate altar of the Wu Jian Council.
  2666 | D:3      | Reached XP level 4. HP: 22/35 MP: 1/6
  3744 | D:4      | Noticed an ogre
  3777 | D:3      | Demolished by an ogre

Levels and vault maps discovered:
D:1:      sevenhm_arrival_forest_fort_small_6, layout_basic,
          minmay_misc_feat_enclosed
D:2:      layout_loops_corners, dancing_weapons_uskayaw, okawaru_trees_2,
          gammafunk_temple_overflow_wave, lemuel_round_altar, first_ration
D:3:      layout_basic
D:4:      layout_gridville, lemuel_doored_altar, uniq_robin, uniq_blork_the_orc,
          uniq_edmund

Skill      XL: |  1  2  3  4 |
---------------+-------------+-----
Short Blades   | 1 |  1.7
Fighting       | 1 |  1.5
Shields        | 1 |  1.6
Spellcasting   | 2 |  2.0
Dodging        | |  1.5
Stealth        | |  1.5
Necromancy     | |  4.3

Action                   |  1- 3 |  4- 6 || total
-------------------------+-------+-------++-------
Melee: Dagger            |    91 |    33 ||   124
       Unarmed           |     3 |       ||     3
 Cast: Pain              |    41 |    17 ||    58
       Animate Skeleton  |    12 |     6 ||    18
 Stab: Sleeping          |     2 |       ||     2
  Eat: Chunk             |     6 |     1 ||     7
       Ration            |       |     1 ||     1
Armor: Robe              |    13 |       ||    13
       Leather armour    |    10 |     2 ||    12
Dodge: Dodged            |    64 |    17 ||    81
Block: Buckler           |     5 |     7 ||    12
